 Dungeon Crawl Stone Soup version 0.20.1-1-g8b1a95d (webtiles) character file.

3189 slep the Slasher (level 9, -4/69 HPs)
             Began as a Demonspawn Fighter on Oct 30, 2017.
             Was an Initiate of Qazlal.
             Slain by HailEris's ghost (7 damage)
             ... on level 7 of the Dungeon.
             The game lasted 00:46:21 (5923 turns).

slep the Slasher (Demonspawn Fighter)               Turns: 5923, Time: 00:46:21

Health: -4/69      AC:  9    Str: 16    XL:     9   Next: 64%
Magic:  0/13       EV: 12    Int: 10    God:    Qazlal [......]
Gold:   441        SH: 10    Dex: 16    Spells: 13/14 levels left

rFire    . . .     SeeInvis .   x - +3 whip (flame)
rCold    . . .     Gourm    .   c - +0 shield
rNeg     . . .     Faith    .   A - +0 leather armour
rPois    +         Spirit   +   E - +2 helmet
rElec    .         Reflect  .   K - +0 cloak
rCorr    .         Harm     .   (no gloves)
MR       .....                  (no boots)
Stlth    +++.......             s - amulet of regeneration
Regen    0.7/turn               j - ring of poison resistance
MPRegen  0.3/turn               n - ring of stealth

@: drained
A: talons 2, icy blue scales 1, magic shield, magic regeneration
a: Renounce Religion


You were on level 7 of the Dungeon.
You worshipped Qazlal.
Qazlal was noncommittal.
You were not hungry.

You visited 2 branches of the dungeon, and saw 8 of its levels.

You collected 441 gold pieces.

Inventory:

Hand Weapons
 a - a +2 battleaxe of flaming
 b - a +1 shortbow of freezing
 g - a +0 vampiric hand axe
 x - a +3 whip of flaming (weapon)
 C - a +2 hunting sling of freezing
 G - a cursed -2 hunting sling
Missiles
 e - 11 arrows
 r - 4 tomahawks (quivered)
Armour
 c - a +0 shield (worn)
 v - a +0 pair of boots
 A - a +0 leather armour (worn)
 D - a +2 robe of the Archmagi
 E - a +2 helmet (worn)
 K - a +0 cloak (worn)
 L - a scarf of cloud immunity
Jewellery
 j - a ring of poison resistance (left hand)
 n - a ring of stealth (right hand)
 s - an amulet of regeneration (around neck)
 z - an uncursed ring of fire
 F - a -6 ring of evasion
Scrolls
 d - a scroll of magic mapping
 i - 2 scrolls of fear
 l - 3 scrolls of identify
 m - a scroll of recharging
 p - a scroll of enchant armour {unknown}
 t - 2 scrolls of teleportation
 B - 2 scrolls of enchant weapon
 M - a scroll of blinking {unknown}
Potions
 u - a potion of lignification
 w - 2 potions of agility
 H - a potion of cancellation
 J - 2 potions of haste {unknown}
 N - a potion of might
Books
 o - a book of Misfortune

   Spells                             Type                      Level
   a - Confusing Touch                Hexes                        1
   b - Confuse                        Hexes                        3
   c - Gell's Gravitas                Translocation                3
   d - Petrify                        Transmutation/Earth          4
   e - Metabolic Englaciation         Hexes/Ice                    5
   f - Yara's Violent Unravelling     Hexes/Transmutation          5
 y - a book of Cantrips

   Spells                             Type                      Level
   a - Confusing Touch                Hexes                        1
   b - Animate Skeleton               Necromancy                   1
   c - Summon Small Mammal            Summoning                    1
   d - Apportation                    Translocation                1
 I - a book of Callings

   Spells                             Type                      Level
   a - Summon Small Mammal            Summoning                    1
   b - Call Imp                       Summoning                    2
   c - Call Canine Familiar           Summoning                    3
   d - Summon Guardian Golem          Hexes/Summoning              3
   e - Summon Lightning Spire         Summoning/Air                4
   f - Summon Ice Beast               Ice/Summoning                4
Comestibles
 f - 5 bread rations
 h - a meat ration
 k - 9 chunks of flesh
 q - a royal jelly


   Skills:
 + Level 6.0(5.2) Fighting
   Level 3.3(4.3) Short Blades
   Level 6.1(5.6) Long Blades
 + Level 0.3(1.1) Axes
 + Level 3.1(2.3) Maces & Flails
 + Level 3.2(2.4) Throwing
 + Level 5.1(4.3) Armour
 + Level 4.5(3.7) Dodging
 + Level 4.2(3.4) Stealth
 + Level 6.1(5.3) Shields
 + Level 3.1(2.3) Unarmed Combat
 + Level 3.1(2.3) Spellcasting
 + Level 3.2(2.4) Translocations


You had 13 spell levels left.
You knew the following spells:

 Your Spells              Type           Power        Failure   Level  Hunger
a - Apportation           Tloc           #.....       41%         1    ##.....


Dungeon Overview and Level Annotations

Branches:
Dungeon (7/15)             Temple (1/1) D:6

Altars:
Ashenzari
Cheibriados
Dithmenos
Elyvilon
Fedhas
Gozag
Hepliaklqana
Kikubaaqudgha
Makhleb
Nemelex Xobeh
Okawaru
Qazlal
Ru
Sif Muna
Trog
Uskayaw
Vehumet
Xom
Yredelemnul
Zin
The Shining One

Shops:
D:4 [

Annotations:
D:7 HailEris's ghost, novice TeGl


Innate Abilities, Weirdness & Mutations

You have razor-sharp toenails.
You are partially covered in icy blue scales. (AC +2)
When hurt, damage is shared between your health and your magic reserves.
You regenerate magic rapidly.


Message History

You closely miss HailEris's ghost. Your kick misses HailEris's ghost.
HailEris's ghost is lightly damaged.
HailEris's ghost misses you.
You hit HailEris's ghost but do no damage.
HailEris's ghost is lightly damaged.
HailEris's ghost misses you.
You barely miss HailEris's ghost.
You claw HailEris's ghost, but do no damage.
HailEris's ghost is lightly damaged.
HailEris's ghost hits you!
* * * LOW HITPOINT WARNING * * *
HailEris's ghost hits you but does no damage.
You closely miss HailEris's ghost. You claw HailEris's ghost.
HailEris's ghost is lightly damaged.
HailEris's ghost hits you!
* * * LOW HITPOINT WARNING * * *
HailEris's ghost hits you!
* * * LOW HITPOINT WARNING * * *
HailEris's ghost hits you!
You die...

######## #.###..###
#......# #. #.##..[....#
#......# #.###.######.###
#### #......# ...#.#......#
#... #......# #.#.#.#######
#...
###......######>...........
+...
#........Wz[).#)#.#.#......
#...
#.....#######.#..W..'......
....
#.....#.........@...#....(.
....
#####z#.##..[..######......
.### #W#.##.<.......# .....
#.#.##########.# .....
#.#.##.........# ####
#.#h##.........#
#.#.##.........#
#...z.W........#
###.####'#####.


You could see HailEris's ghost.

Vanquished Creatures
  Pikel (D:4)
  Sigmund (D:2)
  The ghost of wyrdjoy the Chopper, an amateur DDFi (D:3)
  A water moccasin (D:5)
  3 ice beasts
  An orc warrior (D:3)
  A slave (D:4)
  A phantom (D:6)
  An ogre (D:6)
  2 centaurs
  A crocodile (D:7)
  A scorpion (D:4)
  4 wights (D:7)
  2 crimson imps (D:6)
  2 bullfrog zombies (D:6)
  A jelly (D:6)
  A centaur skeleton (D:6)
  A bullfrog skeleton (D:7)
  A gnoll shaman (D:5)
  4 hounds
  4 orc wizards (D:5)
  Jessica (D:3)
  Natasha (thrice) (D:3)
  5 worker ants
  Robin (D:4)
  5 adders
  9 gnolls
  A shadow imp (D:5)
  2 adder skeletons (D:6)
  3 worms
  5 leopard geckos
  15 orcs
  4 giant cockroaches
  15 goblins
  7 hobgoblins
  6 jackals
  6 kobolds
  7 quokkas
  11 bats
  9 frilled lizards
  7 rats
  2 fungi (D:6)
159 creatures vanquished.

Vanquished Creatures (others)
  A giant cockroach (D:4)
  A goblin (D:4)
  A hobgoblin (D:4)
3 creatures vanquished.

Grand Total: 162 creatures vanquished

Notes
Turn   | Place    | Note
-------+----------+-------------------------------------------
     0 | D:1      | slep the Demonspawn Fighter began the quest for the Orb.
     0 | D:1      | Reached XP level 1. HP: 18/18 MP: 1/1
   279 | D:1      | Gained mutation: You are partially covered in icy blue scales. (AC +2) [demonic ancestry]
   279 | D:1      | Reached XP level 2. HP: 24/24 MP: 2/2
   731 | D:2      | Gained mutation: You have sharp toenails. [demonic ancestry]
   731 | D:2      | Reached XP level 3. HP: 25/29 MP: 3/3
   931 | D:2      | Noticed Sigmund
   950 | D:2      | Killed Sigmund
   950 | D:2      | Reached skill level 1 in Dodging
   950 | D:2      | Gained mutation: When hurt, damage is shared between your health and your magic reserves. [demonic ancestry]
   950 | D:2      | Reached XP level 4. HP: 6/35 MP: 4/4
   950 | D:2      | Gained mutation: You regenerate magic rapidly. [demonic ancestry]
   950 | D:2      | Reached XP level 5. HP: 8/41 MP: 5/5
  1240 | D:3      | Noticed Jessica
  1246 | D:3      | Killed Jessica
  1371 | D:3      | Gained mutation: You have razor-sharp toenails. [demonic ancestry]
  1371 | D:3      | Reached XP level 6. HP: 31/47 MP: 6/6
  1498 | D:3      | Learned a level 1 spell: Apportation
  1692 | D:3      | Noticed Natasha
  1705 | D:3      | Killed Natasha
  1760 | D:3      | Noticed wyrdjoy's ghost (amateur DDFi)
  1772 | D:3      | Noticed Natasha
  1783 | D:3      | Killed Natasha
  1815 | D:3      | Killed wyrdjoy's ghost
  1881 | D:3      | Found an iron altar of Okawaru.
  1881 | D:3      | Found a snail-covered altar of Cheibriados.
  1882 | D:3      | Found a radiant altar of Vehumet.
  1949 | D:3      | Reached XP level 7. HP: 52/53 MP: 7/7
  2143 | D:3      | Reached skill level 5 in Fighting
  2143 | D:3      | Reached skill level 5 in Long Blades
  2143 | D:3      | Reached skill level 5 in Armour
  2143 | D:3      | Reached skill level 5 in Shields
  2143 | D:3      | Reached XP level 8. HP: 5/63 MP: 1/12
  2214 | D:3      | Noticed Natasha
  2328 | D:3      | Killed Natasha
  2488 | D:4      | Found a basalt altar of Yredelemnul.
  2608 | D:4      | Noticed Robin
  2684 | D:4      | Noticed Pikel
  2729 | D:4      | Killed Pikel
  2783 | D:4      | Killed Robin
  2968 | D:4      | Found Jarebluc's Antique Armour Emporium.
  3365 | D:5      | Entered Level 5 of the Dungeon
  3603 | D:5      | Found a shimmering altar of Xom.
  3615 | D:5      | Reached XP level 9. HP: 60/69 MP: 13/13
  3622 | D:5      | Reached skill level 1 in Maces & Flails
  3964 | D:5      | Found a white marble altar of Elyvilon.
  4537 | D:6      | Found a staircase to the Ecumenical Temple.
  4546 | Temple   | Entered the Ecumenical Temple
  4701 | Temple   | Became a worshipper of Qazlal Stormbringer
  5427 | D:7      | Noticed HailEris's ghost (novice TeGl)
  5495 | D:7      | HP: 3/69 [HailEris's ghost (11)]
  5498 | D:7      | HP: 1/69 [HailEris's ghost (4)]
  5522 | D:7      | HP: 2/69 [HailEris's ghost (7)]
  5922 | D:7      | HP: 3/69 [HailEris's ghost (5)]
  5923 | D:7      | Slain by HailEris's ghost

Skill      XL: |  1  2  3  4  5  6  7  8  9 |
---------------+----------------------------+-----
Armour         | 3 5 |  5.1
Long Blades    | 2 3 4 5 6 |  6.1
Dodging        | 1 2 4 |  4.5
Shields        | 3 5 6 |  6.1
Fighting       | 5 6 |  6.0
Short Blades   | 3 |  3.3
Throwing       | 3 |  3.2
Stealth        | 3 4 |  4.2
Unarmed Combat | 3 |  3.1
Spellcasting   | 3 |  3.1
Translocations | 3 |  3.2
Maces & Flails | 3 |  3.1
Axes           | |  0.3

Action                   |  1- 3 |  4- 6 |  7- 9 || total
-------------------------+-------+-------+-------++-------
Melee: Long sword        |   130 |   111 |   160 ||   401
       Kick              |    11 |    10 |    18 ||    39
       Short sword       |       |    52 |       ||    52
       Whip              |       |       |   449 ||   449
       Battleaxe         |       |       |    24 ||    24
Throw: Tomahawk          |       |       |     1 ||     1
  Use: Potion            |     2 |       |     6 ||     8
       Scroll            |       |       |     7 ||     7
 Stab: Invisible         |       |       |     8 ||     8
       Sleeping          |       |       |     9 ||     9
  Eat: Chunk             |       |     4 |    12 ||    16
       Royal jelly       |       |       |     1 ||     1
Armor: Scale mail        |    75 |    60 |       ||   135
       Leather armour    |       |     1 |   207 ||   208
       Skin              |       |       |    28 ||    28
Dodge: Dodged            |    38 |    40 |   182 ||   260
Block: Shield            |    69 |    79 |   314 ||   462
       Rpst.: Long sword |    17 |    11 |    25 ||    53
